 Dungeon Crawl Stone Soup version 0.20.1-1-g8b1a95d (webtiles) character file.

373 Fisto the Slinger (level 7, 0/45 HPs)
             Began as a Halfling Hunter on Nov 15, 2017.
             Was a Believer of Elyvilon.
             Killed from afar by Blork the orc (4 damage)
             ... with a magic dart
             ... on level 4 of the Dungeon.
             The game lasted 00:29:25 (4794 turns).

Fisto the Slinger (Halfling Hunter)                 Turns: 4794, Time: 00:29:26

Health: 0/45       AC:  9    Str: 14    XL:     7   Next: 3%
Magic:  7/7        EV:  9    Int:  9    God:    Elyvilon [**....]
Gold:   120        SH:  0    Dex: 16    Spells: 6/6 levels left

rFire    . . .     SeeInvis .   b - +0 short sword
rCold    . . .     Gourm    .   (shield restricted)
rNeg     . . .     Faith    .   u - +0 chain mail
rPois    +         Spirit   .   (no helmet)
rElec    .         Reflect  .   (no cloak)
rCorr    .         Harm     .   q - +0 pair of gloves
MR       .....                  (no boots)
Stlth    ..........             (no amulet)
Regen    0.2/turn               k - ring of loudness (curse)
MPRegen  0.1/turn               n - ring of poison resistance

@: about to teleport
A: mutation resistance 1
a: Lesser Healing, Heal Other, Divine Protection, Renounce Religion


You were on level 4 of the Dungeon.
You worshipped Elyvilon.
Elyvilon was pleased with you.
You were very hungry.

You visited 2 branches of the dungeon, and saw 5 of its levels.

You collected 120 gold pieces.

Inventory:

Hand Weapons
 a - a +1 hunting sling
 b - a +0 short sword (weapon)
Missiles
 g - 4 stones (quivered)
 r - 7 poisoned needles
Armour
 c - a +0 leather armour
 q - a +0 pair of gloves (worn)
 u - a +0 chain mail (worn)
Jewellery
 k - a cursed ring of loudness (left hand)
 n - a ring of poison resistance (right hand)
Wands
 j - a wand of lightning (2/15)
Scrolls
 m - 2 scrolls of magic mapping
Potions
 h - a potion of haste
 l - a potion of mutation
 t - a potion of curing
Comestibles
 f - a bread ration
 i - a royal jelly


   Skills:
 + Level 2.9 Fighting
 + Level 1.3 Short Blades
 + Level 9.3 Slings
 + Level 1.2 Armour
 + Level 2.7 Dodging
 * Level 2.1 Stealth
 * Level 1.3 Invocations


You had 6 spell levels left.
You didn't know any spells.

Dungeon Overview and Level Annotations

Branches:
Dungeon (4/15)             Temple (1/1) D:4

Altars:
Ashenzari
Cheibriados
Dithmenos
Elyvilon
Fedhas
Gozag
Hepliaklqana
Kikubaaqudgha
Makhleb
Nemelex Xobeh
Okawaru
Ru
Sif Muna
Trog
Uskayaw
Vehumet
Yredelemnul
Zin
The Shining One

Annotations:
D:4 Blork the orc


Innate Abilities, Weirdness & Mutations

You are small and have problems with some larger weapons.
You are somewhat resistant to further mutation.


Message History

Something hits you but does no damage.
You hit something but do no damage.
You hear some strange, mumbled words.
A puff of flame appears from out of thin air!
The puff of flame hits you!
* * * LOW HITPOINT WARNING * * *
You miss something. Something hits you but does no damage.
You barely miss something. Something completely misses you.
You closely miss something.
You feel a little less agile now. Something hits you but does no damage.
As you read the scroll of teleportation, it crumbles to dust.
You feel strangely unstable.
You hear some strange, mumbled words.
A puff of flame appears from out of thin air!
The puff of flame hits you!
* * * LOW HITPOINT WARNING * * *
A magic dart appears from out of thin air!
The magic dart hits you!
You die...

.#...#
#..#.#.#.##.######.##.
..#...#
#..#.######..##.......
.. .....
>..#..........#.##.##.
#.##########..........
.......>.....#.
#####....#.....
#....#.....
##########....###.##
#..@.....#..........
#.######.#..#..##.##
#.# #.#..#..##.## #.#
#.#..........
#.######(##.#..##.##
#.......(...........
##########(.#....###
#.......#(.........
#.......#.......#..


There were no monsters in sight!

Vanquished Creatures
  A phantom (D:4)
  An orc wizard (D:3)
  A worker ant (D:4)
  13 adders
  2 oozes
  3 worms (D:2)
  4 dart slugs
  3 leopard geckos
  3 orcs
  12 bats
  7 giant cockroaches
  11 goblins
  6 hobgoblins
  2 jackals (D:2)
  A quokka (D:4)
  15 frilled lizards
  4 kobolds
  6 rats
  2 plants (D:1)
97 creatures vanquished.

Vanquished Creatures (others)
  A bat (D:3)
1 creature vanquished.

Grand Total: 98 creatures vanquished

Notes
Turn   | Place    | Note
-------+----------+-------------------------------------------
     0 | D:1      | Fisto the Halfling Hunter began the quest for the Orb.
     0 | D:1      | Reached XP level 1. HP: 14/14 MP: 1/1
    49 | D:1      | Reached skill level 6 in Slings
   111 | D:1      | Reached XP level 2. HP: 19/19 MP: 2/2
   187 | D:1      | Reached XP level 3. HP: 24/24 MP: 3/3
   293 | D:1      | Reached skill level 7 in Slings
   693 | D:1      | Reached XP level 4. HP: 17/29 MP: 4/4
  1598 | D:2      | Found a burning altar of Makhleb.
  1598 | D:2      | Noticed a blizzard demon
  1601 | D:2      | Noticed a neqoxec
  1601 | D:2      | Noticed an orange demon
  2128 | D:2      | Reached XP level 5. HP: 35/35 MP: 5/5
  2312 | D:2      | Reached skill level 1 in Short Blades
  2317 | D:2      | Reached skill level 8 in Slings
  2337 | D:2      | Reached skill level 1 in Armour
  2642 | D:3      | Found a faded altar of an unknown god.
  2683 | D:3      | Found a white marble altar of Elyvilon.
  2704 | D:3      | Became a worshipper of Elyvilon the Healer
  2825 | D:3      | Reached XP level 6. HP: 41/41 MP: 6/6
  3271 | D:3      | Reached * piety under Elyvilon
  3816 | D:4      | Noticed Blork the orc
  3883 | D:4      | Noticed a phantom
  3912 | D:4      | Killed a phantom
  3912 | D:4      | Reached skill level 9 in Slings
  3912 | D:4      | Reached skill level 1 in Invocations
  3990 | D:4      | Reached ** piety under Elyvilon
  4414 | D:4      | Reached XP level 7. HP: 45/45 MP: 7/7
  4432 | D:4      | Found a staircase to the Ecumenical Temple.
  4440 | Temple   | Entered the Ecumenical Temple
  4794 | D:4      | Killed from afar by Blork the orc

Skill      XL: |  1  2  3  4  5  6 |
---------------+-------------------+-----
Slings         | 6 7 8 9 |  9.3
Fighting       | 2 |  2.9
Short Blades   | 1 |  1.3
Armour         | 1 |  1.2
Stealth        | 2 |  2.1
Invocations    | 1 |  1.3
Dodging        | |  2.7

Action                   |  1- 3 |  4- 6 |  7- 9 || total
-------------------------+-------+-------+-------++-------
Melee: Short sword       |    20 |   228 |    31 ||   279
 Fire: Hunting sling     |    58 |   205 |    13 ||   276
Invok: Lesser Healing    |       |     1 |       ||     1
       Heal Other        |       |       |     1 ||     1
  Use: Potion            |       |     6 |     2 ||     8
       Scroll            |       |     6 |     1 ||     7
  Eat: Bread ration      |       |     1 |       ||     1
       Chunk             |       |     7 |       ||     7
Armor: Leather armour    |     2 |     5 |       ||     7
       Chain mail        |       |    20 |    20 ||    40
Dodge: Dodged            |    18 |    80 |    18 ||   116
